Map: Acid Plant LE

Players

SouLeer

  • Race: Zerg Zerg
  • Spawn Location: 5:00

RAIL - Winner!

  • Race: Protoss Protoss
  • Spawn Location: 11:00

Event: WCS Leipzig 2018

VOD

Have the link to the VOD?

Description

Time

  • Played on: Jan. 26, 2018, 6:38 a.m.
  • Length: 8:13

All games in this series

Show
View Real Time Build Order
Export as new Build Order

SouLeer Zerg 

Build Orders: Hatch First 

Get SALT Encoding   

  12  0:01  Drone  
  13  0:13  Overlord  
  13  0:17  Drone  
  14  0:31  Drone x2  
  16  0:35  Drone  
  17  0:55  Hatchery  
  16  1:00  Drone  
  16  1:03  Drone  
  18  1:07  Extractor  
  17  1:21  Spawning Pool  
  17  1:25  Drone  
  17  1:29  Drone  
  17  1:32  Drone  
  19  1:40  Overlord  
  19  1:52  Drone  
  20  2:08  Queen  
  22  2:09  Zergling x2, Queen  
  22  2:11  Zergling x2  
  26  2:16  Metabolic Boost  
  26  2:20  Drone  
  27  2:24  Drone  
  27  2:26  Drone  
  27  2:29  Drone  
  30  2:36  Drone  
  31  2:50  Hatchery  
  30  2:54  Pneumatized Carapace  
  30  2:58  Drone  
  31  3:01  Drone  
  31  3:04  Overlord  
  32  3:07  Zergling x2  
  32  3:11  Drone  
  34  3:14  Drone  
  34  3:15  Drone  
  36  3:22  Drone  
  36  3:23  Drone x2  
  36  3:25  Drone x2  
  41  3:29  Overlord  
  41  3:31  Drone  
  42  3:38  Drone, Spore Crawler  
  42  3:39  Drone  
  43  3:45  Drone  
  43  3:47  Drone  
  45  3:52  Drone x3  
  48  3:56  Lair  
  48  3:58  Spore Crawler  
  48  3:59  Drone  
  48  4:03  Extractor  
  48  4:04  Drone x2  
  48  4:08  Queen  
  50  4:12  Overlord  
  50  4:13  Drone  
  51  4:19  Roach Warren  
  49  4:28  Drone x3, Overlord  
  49  4:30  Zergling x6  
  54  4:32  Zergling x2  
  54  4:34  Zergling x2  
  56  4:39  Zergling x2  
  56  4:42  Spore Crawler  
  56  4:43  Zergling x2  
  57  4:47  Zergling x2  
  57  4:50  Queen  
  61  4:52  Zergling x2  
  61  4:53  Zergling x2  
  61  4:54  Drone x2  
  61  4:55  Drone x2  
  61  4:57  Drone  
  65  5:02  Drone x2  
  65  5:04  Drone  
  65  5:07  Extractor  
  65  5:09  Drone x2, Hydralisk Den  
  63  5:16  Drone  
  63  5:18  Drone x2, Extractor  
  63  5:21  Drone x3  
  67  5:22  Evolution Chamber  
  67  5:25  Overlord  
  67  5:27  Drone x2  
  69  5:30  Drone x2  
  69  5:33  Overlord  
  71  5:36  Extractor  
  71  5:37  Extractor  
  71  5:40  Drone x2  
  71  5:44  Hydralisk  
  71  5:48  Zergling x6  
  71  5:49  Zergling x2  
  75  5:50  Lurker Den  
  75  5:53  Hydralisk  
  76  5:57  Hydralisk x2  
  80  6:05  Hydralisk x3  
  80  6:08  Zergling x4  
  80  6:09  Zergling x4  
  87  6:15  Zergling x2  
  87  6:16  Spine Crawler, Hydralisk  
  81  6:22  Hydralisk  
  80  6:26  Zergling x4  
  80  6:31  Hydralisk  
  69  6:33  Zergling x2  
  69  6:39  Zergling x4  
  67  6:46  Zergling x6  
  69  6:51  Zergling x6  
  67  6:54  Hydralisk  
  67  6:59  Zergling x6  
  67  7:02  Zergling x4  
  67  7:04  Zergling x2  
  67  7:07  Zergling x2  
  65  7:10  Zergling x2  
  65  7:11  Zergling x2  
  52  7:18  Hydralisk  
  52  7:21  Hydralisk  
  53  7:23  Lurker  
  53  7:31  Hydralisk  
  53  7:32  Hydralisk  
  57  7:41  Hydralisk x2  
  61  7:45  Lurker  
  64  7:52  Lurker  
  64  8:00  Overseer  
Show
View Real Time Build Order
Export as new Build Order

RAIL Protoss - Winner!

Build Orders: 1 Gate Expand, Oracle Opening, Phoenix Opening, Zealot Archon 

Get SALT Encoding   

  12  0:01  Probe  
  13  0:13  Probe  
  14  0:18  Pylon  
  14  0:25  Probe (Chrono Boost)  
  15  0:37  Probe (Chrono Boost)  
  15  0:39  Gateway  
  16  0:46  Probe (Chrono Boost)  
  16  0:48  Assimilator  
  17  0:51  Probe  
  18  1:03  Probe  
  19  1:22  Nexus  
  19  1:33  Cybernetics Core  
  19  1:34  Probe  
  20  1:40  Assimilator  
  20  1:46  Probe (Chrono Boost)  
  21  1:50  Pylon  
  21  1:56  Probe (Chrono Boost)  
  21  2:01  Probe (Chrono Boost)  
  23  2:09  Adept  
  23  2:12  Probe  
  26  2:24  Stargate  
  26  2:26  Probe  
  27  2:34  Warp Gate  
  27  2:36  Adept  
  29  2:40  Probe (Chrono Boost)  
  29  2:44  Probe (Chrono Boost)  
  32  2:51  Probe (Chrono Boost)  
  32  2:54  Probe (Chrono Boost)  
  32  2:56  Probe (Chrono Boost)  
  34  3:03  Adept  
  34  3:04  Probe  
  34  3:05  Oracle (Chrono Boost)  
  37  3:06  Probe  
  41  3:16  Probe  
  41  3:18  Probe  
  43  3:23  Gateway  
  43  3:26  Pylon  
  43  3:28  Probe  
  43  3:34  Probe  
  45  3:38  Pylon  
  45  3:40  Probe  
  46  3:43  Phoenix (Chrono Boost)  
  46  3:46  Probe  
  46  3:48  Twilight Council  
  49  3:50  Adept  
  49  3:52  Probe  
  52  3:58  Probe, Pylon  
  53  4:04  Probe  
  54  4:10  Probe  
  54  4:11  Robotics Facility  
  54  4:13  Charge (Chrono Boost)  
  55  4:18  Gateway  
  55  4:23  Gateway  
  55  4:27  Gateway  
  55  4:37  Zealot  
  57  4:40  Gateway  
  57  4:41  Gateway  
  57  4:45  Pylon  
  57  4:53  Pylon  
  53  5:11  Warp Prism (Chrono Boost)  
  51  5:22  Zealot x2  
  51  5:24  Zealot x2  
  51  5:25  Nexus  
  51  5:26  Pylon  
  59  5:30  Zealot  
  59  5:33  Pylon  
  61  5:38  Zealot x2  
  61  5:40  Observer  
  66  5:49  Zealot x3  
  72  5:50  Zealot  
  72  5:54  Assimilator  
  72  5:55  Assimilator  
  72  5:56  Templar Archives  
  74  6:06  Zealot x3  
  80  6:12  Zealot x2  
  80  6:13  Zealot  
  86  6:20  Zealot  
  83  6:28  Zealot x2  
  83  6:29  Zealot  
  81  6:33  Probe x2  
  79  6:43  Probe  
  79  6:45  Probe  
  79  6:46  High Templar x2  
  85  6:49  Zealot x2  
  85  6:50  Zealot x2, Archon  
  83  6:59  Sentry, Zealot x4  
  83  7:01  Probe x2  
  95  7:05  Probe  
  88  7:15  Immortal  
  82  7:19  Zealot x5  
  82  7:20  Zealot  
  82  7:21  Probe x2  
  96  7:25  Probe (Chrono Boost)  
  97  7:32  Pylon  
  97  7:34  Probe x2 (Chrono Boost)  
  97  7:35  Gateway  
  100  7:37  Probe (Chrono Boost)  
  102  7:44  Probe x2 (Chrono Boost)  
  102  7:49  Probe (Chrono Boost)  
  102  7:50  Probe (Chrono Boost)  
  103  7:51  Probe  
  103  7:55  High Templar x2  
  103  7:56  Zealot x4  
  118  7:59  Archon  
  118  8:00  Probe, Zealot  
Tags
 
Add a new tag
Caveats
  • Supply blocks, unpowered buildings, or Contaminate may cause inaccurate times.
  • Supply counts are checked every 10 seconds.